 Dungeon Crawl Stone Soup version 0.20.1-1-g8b1a95d (webtiles) character file.

385 tmwrnj the Chopper (level 6, -3/56 HPs)
             Began as a Hill Orc Fighter on Oct 1, 2017.
             Slain by Sigmund
             ... wielding a +0 scythe
              (8 damage)
             ... on level 4 of the Dungeon.
             The game lasted 00:06:25 (3147 turns).

tmwrnj the Chopper (Hill Orc Fighter)               Turns: 3147, Time: 00:06:26

Health: -3/56      AC: 10    Str: 20      XL:     6   Next: 77%
Magic:  6/6        EV:  5    Int:  8      God:
Gold:   94         SH:  0    Dex:  9 (11) Spells: 5/5 levels left

rFire    . . .     SeeInvis .   a - +0 war axe
rCold    . . .     Gourm    +   c - +0 shield
rNeg     . . .     Faith    .   m - +0 chain mail
rPois    .         Spirit   .   (no helmet)
rElec    .         Reflect  .   (no cloak)
rCorr    .         Harm     .   l - +0 pair of gloves
MR       .....                  (no boots)
Stlth    ..........             e - amulet of the gourmand
Regen    0.2/turn               (no ring)
MPRegen  0.1/turn               (no ring)

@: confused, slowed, heavily drained, very slow
A: no striking features
a: no special abilities


You were on level 4 of the Dungeon.
You were very full.

You visited 1 branch of the dungeon, and saw 4 of its levels.

You collected 94 gold pieces.

Inventory:

Hand Weapons
 a - a +0 war axe (weapon)
Armour
 c - a +0 shield (worn)
 l - a +0 pair of gloves (worn)
 m - a +0 chain mail (worn)
Jewellery
 b - an uncursed ring of see invisible {unknown}
 e - an amulet of the gourmand (around neck)
 o - an uncursed amulet of harm
 r - an uncursed ring of stealth {unknown}
Scrolls
 g - 2 scrolls of identify
 j - a scroll of remove curse
 k - a scroll of magic mapping {unknown}
 t - a scroll of teleportation {unknown}
Potions
 d - a potion of might
 h - a potion of cancellation {unknown}
 p - a potion of ambrosia {unknown}
 q - a potion of curing {unknown}
 s - a potion of flight {unknown}
 u - a potion of heal wounds {unknown}
Comestibles
 f - 2 bread rations
 i - a fruit
 n - 2 royal jellies
 v - a meat ration


   Skills:
 + Level 5.4(4.0) Fighting
 + Level 6.4(5.0) Axes
 + Level 4.2(2.9) Armour
 + Level 0.4(0.0) Dodging
 + Level 4.2(2.9) Shields


You had 5 spell levels left.
You didn't know any spells.

Dungeon Overview and Level Annotations

Branches:
Dungeon (4/15)
 Temple: D:4-7

Altars:
Cheibriados
Yredelemnul

Annotations:
D:4 Natasha, Sigmund


Message History

The gnoll barely misses you. The gnoll hits you with a halberd.
* * * LOW HITPOINT WARNING * * *
The gnoll hits you with a club.
* * * LOW HITPOINT WARNING * * *
The gnoll hits you but does no damage. The gnoll hits you but does no damage.
You block something's attack.
The gnoll hits you from afar with a halberd.
* * * LOW HITPOINT WARNING * * *
The gnoll barely misses you. You block the gnoll's attack.
The gnoll hits you but does no damage.
You closely miss the gnoll.
The gnoll is severely wounded.
Your chain mail prevents you from hitting the gnoll. x2
You block the gnoll's attack. The gnoll hits you but does no damage.
You hear some strange, mumbled words.
You are confused.
The gnoll hits you with a halberd!
* * * LOW HITPOINT WARNING * * *
The gnoll barely misses you.
The crimson imp blinks!
Something hits you!
You die...

#.# #.# #.# #.# #.# ########.#
#.# # .........##### #)## #.
######).#...# #..# #. #.....#
##.# .. ### #...#...#
#.#######.#.####.## #...##.##
###............g@g..# #...# .#
......<........g.#ยง######.?.#
#
###########.#.##g...........#
...?5h...5####..[...#
#..#......).>..#.###....
#.......#.#.##.#{# ..## #
##.##.#.#.# #.# ... #. #.#.#.#
#.# ##. # #.#.#.# #.# #


You could see an iron imp, Natasha, 4 gnolls and a crimson imp.

Vanquished Creatures
  Blork the orc (D:4)
  A scorpion (D:4)
  A wyvern skeleton (D:4)
  A quasit (D:3)
  3 worker ants (D:4)
  An adder (D:3)
  An ooze (D:4)
  An adder skeleton (D:4)
  A worm (D:3)
  2 dart slugs
  2 leopard geckos (D:4)
  5 orcs
  9 bats
  3 giant cockroaches
  14 goblins
  12 hobgoblins
  5 jackals
  2 quokkas
  A ball python (D:3)
  5 frilled lizards
  3 kobolds
  10 rats
84 creatures vanquished.

Notes
Turn   | Place    | Note
-------+----------+-------------------------------------------
     0 | D:1      | tmwrnj the Hill Orc Fighter began the quest for the Orb.
     0 | D:1      | Reached XP level 1. HP: 19/19 MP: 1/1
   308 | D:1      | Reached XP level 2. HP: 27/27 MP: 2/2
   611 | D:1      | Reached skill level 3 in Axes
   667 | D:1      | Reached XP level 3. HP: 33/33 MP: 3/3
  1156 | D:2      | You fall through a shaft for 2 floors!
  1276 | D:4      | Reached skill level 4 in Axes
  1276 | D:4      | Reached XP level 4. HP: 11/40 MP: 4/4
  1590 | D:4      | Reached XP level 5. HP: 40/47 MP: 5/5
  1636 | D:4      | Found a basalt altar of Yredelemnul.
  1649 | D:4      | Reached skill level 5 in Axes
  1745 | D:4      | Reached skill level 5 in Fighting
  1838 | D:4      | Reached XP level 6. HP: 56/56 MP: 6/6
  1851 | D:3      | Found a snail-covered altar of Cheibriados.
  1981 | D:3      | Reached skill level 6 in Axes
  3040 | D:4      | Noticed Blork the orc
  3060 | D:4      | Killed Blork the orc
  3129 | D:4      | Noticed Sigmund
  3137 | D:4      | Noticed Natasha
  3147 | D:4      | Slain by Sigmund

Skill      XL: |  1  2  3  4  5  6 |
---------------+-------------------+-----
Axes           | 3 4 5 6 |  6.4
Fighting       | 4 5 |  5.4
Armour         | 4 |  4.2
Shields        | 4 |  4.2
Dodging        | |  0.4

Action                   |  1- 3 |  4- 6 || total
-------------------------+-------+-------++-------
Melee: War axe           |   102 |   165 ||   267
  Use: Scroll            |       |     1 ||     1
  Eat: Chunk             |     1 |    27 ||    28
Armor: Scale mail        |    18 |       ||    18
       Chain mail        |    53 |   112 ||   165
Dodge: Dodged            |    23 |    49 ||    72
Block: Shield            |    54 |    96 ||   150
